 Dungeon Crawl Stone Soup version 0.29.1-2-gbd0b4ee654 (webtiles) character file.

Game seed: 150640464495466097

103 Hadkhar the Magician (level 5, -1/38 HPs)
             Began as a Djinni Hedge Wizard on Oct 26, 2022.
             Slain by an orc
             ... wielding a +0 flail
              (5 damage)
             ... on level 2 of the Dungeon.
             The game lasted 00:14:45 (4522 turns).

Hadkhar the Magician (Djinni Hedge Wizard)          Turns: 4522, Time: 00:14:45

Health: -1/38      AC:  2    Str:  9    XL:     5   Next: 6%
Gold:   151        EV: 12    Int: 17    God:
                   SH:  0    Dex: 13

rFire   + + .      SeeInvis .   f - +0 short sword (speed)
rCold   x . .      Faith    .   (no shield)
rNeg    . . .      Spirit   .   b - +0 robe
rPois   ∞          Reflect  .   c - +0 hat
rElec   .          Harm     .   (no cloak)
rCorr   .          Rampage  .   (no gloves)
Will    .....                   (boots unavailable)
Stlth   ++........              (no amulet)
HPRegen 0.12/turn               (no ring)
MPRegen 0.00/turn               (no ring)

@: flying, hasted, very quick
A: sickness immunity, fire resistance 2, cold vulnerability 1, float, innate
caster, HP casting, extra vitality 1
a: no special abilities


You were on level 2 of the Dungeon.
You visited 1 branch of the dungeon, and saw 3 of its levels.

You collected 151 gold pieces.

Inventory:

Hand Weapons
 f - a +0 short sword of speed (weapon)
Missiles
 l - 4 javelins
Armour
 b - a +0 robe (worn)
 c - a +0 hat (worn)
Scrolls
 d - a scroll of vulnerability {unknown}
 e - a scroll of butterflies {unknown}
 j - a scroll of silence {unknown}
 k - 2 scrolls of blinking {unknown}
 m - a scroll of amnesia {unknown}
 n - a scroll of acquirement {unknown}
Potions
 g - 2 potions of brilliance
 h - a potion of might
 i - 3 potions of curing


   Skills:
 + Level 1.8 Fighting
 - Level 2.1 Dodging
 + Level 2.4 Stealth
 * Level 3.4 Spellcasting


You couldn't memorise any spells.
You knew the following spells:

 Your Spells              Type           Power      Damage    Failure   Level
a - Magic Dart            Conj           56%        1d5       4%          1
b - Blink                 Tloc           28%        N/A       6%          2
c - Call Imp              Summ           14%        N/A       6%          2
d - Slow                  Hex            56%        N/A       4%          1
e - Conjure Flame         Conj/Fire      14%        6-21      12%         3
f - Mephitic Cloud        Conj/Pois/Air  14%        N/A       12%         3
g - Necrotise             Necr           56%        1d6       4%          1
h - Searing Ray           Conj           28%        2d5       6%          2
Your spell library was empty.

Dungeon Overview and Level Annotations

Branches:
Dungeon (3/15)

Altars:

Annotations:
D:3 Grinder


Innate Abilities, Weirdness & Mutations

You are immune to sickness and miasma.
You are immune to poison.
Your flesh is very heat resistant. (rF++)
You are vulnerable to cold. (rC-)
You float through the air rather than walking.
You learn spells naturally, not from books.
Your magical power is your life essence.
You have superior vitality. (+4 MHP)


Message History

Aim: an orc, wielding a +0 whip and wearing a +0 scale mail (100% to hit)
The magic dart hits the orc but does no damage.
* * * LOW HITPOINT WARNING * * *
Casting: Magic Dart (safe; 4% risk of failure)
Confirm with . or Enter, or press ? or * to list all spells.
Aiming: Magic Dart (safe; 4% risk of failure)
Press: ? - help, Shift-Dir - straight line, f/p - orc
Aim: an orc, wielding a +0 whip and wearing a +0 scale mail (100% to hit)
The magic dart hits the orc.
The orc is moderately wounded.
* * * LOW HITPOINT WARNING * * *
Casting: Magic Dart (safe; 4% risk of failure)
Confirm with . or Enter, or press ? or * to list all spells.
Aiming: Magic Dart (safe; 4% risk of failure)
Press: ? - help, Shift-Dir - straight line, f/p - orc
Aim: an orc, wielding a +0 whip and wearing a +0 scale mail (moderately wounded, 100% to hit)
The magic dart hits the orc.
The orc is heavily wounded.
* * * LOW HITPOINT WARNING * * *
Casting: Magic Dart (safe; 4% risk of failure)
Confirm with . or Enter, or press ? or * to list all spells.
Aiming: Searing Ray (safe; 6% risk of failure)
Press: ? - help, Shift-Dir - straight line, f/p - orc
Aim: an orc, wielding a +0 whip and wearing a +0 scale mail (heavily wounded, 79% to hit)
The searing ray hits the orc.
The orc is heavily wounded. (Press . to maintain the ray.)
* * * LOW HITPOINT WARNING * * *
The searing ray hits the orc!
You kill the orc!
* * * LOW HITPOINT WARNING * * *
The searing ray misses the orc.
* * * LOW HITPOINT WARNING * * *
The searing ray hits the orc.
The orc is almost dead.
* * * LOW HITPOINT WARNING * * *
You finish channelling your searing ray.
The orc closely misses you. The orc hits you with a +0 flail.
You die...

###.#..>####.........####...##
.....................'.......#
###.#...........)....####...##
#........#........## ##..#
####..##.#.#.....## ##.#
#.......#.#.)..## ###.##
#.#...<...#.#'## #....##
#.##.######.#o# #...#.#
#.##.######.#@# #....##
#.##........#.## ##..##
#.##########...########.## #.#
######.............# #.#
#...###...##########
#.####..)####..#
#..............#
################


You could see an orc.

Vanquished Creatures
  3 adders
  A worm (D:2)
  4 orcs
  6 endoplasms
  10 giant cockroaches
  3 goblins
  3 hobgoblins
  2 jackals (D:1)
  4 kobolds (D:1)
  6 quokkas
  4 ball pythons (D:1)
  2 bats
  2 frilled lizards
  11 rats
61 creatures vanquished.

Vanquished Creatures (collateral kills)
  An orc (D:3)
  A bat (D:3)
2 creatures vanquished.

Grand Total: 63 creatures vanquished

Notes
Turn   | Place    | Note
-------+----------+-------------------------------------------
     0 | D:1      | Hadkhar the Djinni Hedge Wizard began the quest for the
                  | Orb.
     0 | D:1      | Hadkhar set off with the following spells memorised: Magic
                  | Dart, Blink, Call Imp, Slow, Conjure Flame, Mephitic Cloud.
     0 | D:1      | Reached XP level 1. HP: 15/15 MP: 0/0
   214 | D:1      | Reached XP level 2. HP: 18/22 MP: 0/0
   456 | D:1      | Found a faded altar of an unknown god.
   892 | D:1      | Reached XP level 3. HP: 17/26 MP: 0/0
   892 | D:1      | Learned a level 1 spell: Necrotise
  1190 | D:1      | Reached skill level 1 in Fighting
  1676 | D:1      | Reached skill level 3 in Spellcasting
  2576 | D:2      | Reached XP level 4. HP: 30/32 MP: 0/0
  4016 | D:3      | Noticed Grinder
  4035 | D:3      | Reached XP level 5. HP: 31/38 MP: 0/0
  4035 | D:3      | Learned a level 2 spell: Searing Ray
  4046 | D:3      | Paralysed by Grinder for 3 turns
  4057 | D:3      | Paralysed by Grinder for 4 turns
  4522 | D:2      | Slain by an orc

Illustrated notes

Levels and vault maps discovered:
D:1:      shiori_shiawase, layout_basic,
          dreamdust_ecumenical_altar_angels_and_demons, minmay_worlds_worst_comb
D:2:      layout_loops_corners, serial_glass, glass_columns_c, glass_columns_a
D:3:      layout_rooms, serial_shops, nicolae_shop_bloodbath_and_beyond,
          uniq_grinder

Skill      XL: |  1  2  3 |
---------------+----------+-----
Stealth        | 2 |  2.4
Fighting       | 1 |  1.8
Spellcasting   | 3 |  3.4
Dodging        | |  2.1

Action                   |  1- 3 |  4- 6 || total
-------------------------+-------+-------++-------
Melee: Short sword       |    47 |     9 ||    56
       Dagger            |     1 |       ||     1
 Cast: Magic Dart        |    80 |    47 ||   127
       Necrotise         |     7 |     6 ||    13
       Call Imp          |       |     4 ||     4
       Searing Ray       |       |     2 ||     2
       Blink             |       |     1 ||     1
  Use: Scroll            |       |     5 ||     5
       Potion            |       |     1 ||     1
Armor: Robe              |    14 |     9 ||    23
Dodge: Dodged            |    33 |    19 ||    52
